 Dungeon Crawl Stone Soup version 0.29.1-15-g9cfb28693d (webtiles) character file.

Game seed: 7605112927955955911

52 leafyfresh the Sneak (level 3, -1/26 HPs)
             Began as an Octopode Delver on Mar 4, 2023.
             Slain by a phantom (7 damage)
             ... on level 4 of the Dungeon.
             The game lasted 00:00:43 (778 turns).

leafyfresh the Sneak (Octopode Delver)               Turns: 778, Time: 00:00:44

Health: -1/26      AC:  1    Str: 11    XL:     3   Next: 85%
Magic:  3/3        EV: 14    Int: 12    God:
Gold:   5          SH:  0    Dex: 15    Spells: 2/2 levels left

rFire   . . .      SeeInvis .   a - +0 short sword
rCold   . . .      Faith    .   (no shield)
rNeg    . . .      Spirit   .   (helmet restricted)
rPois   .          Reflect  .   (no amulet)
rElec   .          Harm     .   (no ring)
rCorr   .          Rampage  .   (no ring)
Will    .....                   (no ring)
Stlth   +++++.....              (no ring)
HPRegen 0.08/turn               (no ring)
MPRegen 0.08/turn               (no ring)
                                (no ring)
                                (no ring)

@: no status effects
A: almost no armour, amphibious, 8 rings, camouflage 1, gelatinous body 1,
(nimble swimmer 1), tentacles
a: no special abilities


You were on level 4 of the Dungeon.
You visited 1 branch of the dungeon, and saw 2 of its levels.

You collected 5 gold pieces.

Inventory:

Hand Weapons
 a - a +0 short sword (weapon)
Wands
 f - a wand of digging (3)
Scrolls
 b - a scroll of fog
 c - a scroll of magic mapping
 d - 3 scrolls of identify {unknown}
 g - a scroll of enchant weapon {unknown}
 h - a scroll of vulnerability {unknown}
Potions
 e - a potion of haste


   Skills:
 + Level 3.6 Fighting
 - Level 2.0 Short Blades
 + Level 2.8 Dodging
 + Level 7.2 Stealth


You had 2 spell levels left.
You didn't know any spells.
Your spell library was empty.

Dungeon Overview and Level Annotations

Branches:
Dungeon (5/15)
 Temple: D:4-7

Altars:


Innate Abilities, Weirdness & Mutations

You cannot wear most types of armour.
You are amphibious.
You can wear up to eight rings at the same time.
Your skin changes colour to match your surroundings (Stealth+).
Your rubbery body absorbs attacks. (AC +1, EV +1)
((You are camouflaged when in or above water. (Stealth+)))
You have tentacles for arms and can constrict up to eight enemies at once.


Message History

The adder hisses angrily.
The adder moves out of view.
A phantom is nearby!
You closely miss the phantom. You squeeze the phantom.
The phantom is lightly damaged.
The phantom hits you.
The phantom blinks!
You blink.
You hit the phantom but do no damage. You squeeze the phantom.
The phantom is lightly damaged.
The phantom barely misses you.
You hit the phantom. Your squeeze misses the phantom.
The phantom is moderately damaged.
The phantom barely misses you.
You hit the phantom.
The phantom is moderately damaged.
The phantom closely misses you.
You hit the phantom but do no damage.
The phantom is moderately damaged.
The phantom closely misses you.
You hit the phantom but do no damage.
The phantom is moderately damaged.
The phantom hits you.
You hit the phantom but do no damage.
The phantom is moderately damaged.
The adder closely misses you. The phantom hits you!
Unknown command.
You barely miss the phantom. You squeeze the phantom.
The phantom is moderately damaged.
The adder barely misses you. The phantom completely misses you.
You closely miss the phantom. You squeeze the phantom.
The phantom is heavily damaged.
The adder bites you. The phantom barely misses you.
Unknown command.
You miss the phantom.
Your tentacle-slap misses the phantom.
The phantom is heavily damaged.
The adder bites you.
* * * LOW HITPOINT WARNING * * *
The adder bites you.
* * * LOW HITPOINT WARNING * * *
The phantom hits you!
You die...

..[####..#...)#.#
.........#....#..
........####.....
...####.##....... ..
#.##.......
###.#........
#######.........)..
#.###..†.##............
#....W@...........#.###
######.S..##.....#.#.#
.................#.#†#
######....########.#.#
#....# #÷....#.###
#....# #.#........
.....# #.#.###...#
...#### #.#.###...#
.... #.#.......#


You could see a phantom and an adder.

Vanquished Creatures
  A jelly (D:5)
  An adder (D:4)
  An ufetubus (D:4)
  A worm (D:4)
  A goblin (D:4)
  A quokka (D:4)
  2 ball pythons (D:4)
8 creatures vanquished.

Notes
Turn   | Place    | Note
-------+----------+-------------------------------------------
     0 | D:5      | leafyfresh the Octopode Delver began the quest for the Orb.
     0 | D:5      | Reached XP level 1. HP: 16/16 MP: 1/1
     4 | D:5      | Noticed a jelly
    14 | D:5      | Killed a jelly
    15 | D:5      | Reached skill level 7 in Stealth
    15 | D:5      | Reached XP level 2. HP: 6/21 MP: 2/2
    15 | D:5      | Reached XP level 3. HP: 7/26 MP: 3/3
   305 | D:5      | Noticed a water moccasin
   765 | D:4      | Noticed a phantom
   778 | D:4      | Slain by a phantom

Illustrated notes

Levels and vault maps discovered:
D:4:      layout_basic, hangedman_decor_push, uniq_blork_the_orc
D:5:      layout_rooms, dreamdust_princess_bridge

Skill      XL: |  1 |
---------------+----+-----
Stealth        | 7 |  7.2
Fighting       | |  3.6
Short Blades   | |  2.0
Dodging        | |  2.8

Action                   || total
-------------------------++-------
Melee: Short sword       ||    28
       Tentacles         ||     9
       Constrict         ||     5
  Use: Scroll            ||     1
 Stab: Sleeping          ||     2
Armor: Skin              ||     1
Dodge: Dodged            ||    25
